[ AOE2 MATCH · #506725434 ]
UnrankedBulgarians vs Shu
Rival team · LOSS
[ REPLAY ANALYSIS · EXTRACTED FROM THE RECORDED GAME ]
Feudal
12:21
Castle
—
Imperial
—
| APM avg | 75.3 |
| APM peak | 104 |
| eAPM avg | 25.1 |
| Villagers / military | 39 / 14 |
Focus
⚔️ 37.0% · 🌾 63.0%
Militia ×10 · Skirmisher ×4
Feudal
10:45
Castle
—
Imperial
—
| APM avg | 39.1 |
| APM peak | 70 |
| eAPM avg | 17.2 |
| Villagers / military | 32 / 11 |
Focus
⚔️ 33.7% · 🌾 66.3%
Militia ×7 · Archer ×4
Match map
Initial resources + every placement click. Lines = walls · curves = elevation contours. ◆ gold · ⬟ stone · ● berries · ✦ relic · ◌ wall gap
Your base· Open — unwalled flank
Cyborg's base· Open — unwalled flank
Smoothed initial terrain · ◌ = detected wall gap · hover for details
Inputs per minute
— CNZS_CC - - Cyborg
Build order — CNZS_CC
94 actions detected in the replay
| 0:00 | Create | Villager (Male) |
| 0:00 | Create | Villager (Male) |
| 0:01 | Create | Villager (Male) |
| 0:02 | Build | House |
| 0:03 | Build | House |
| 0:07 | Create | Villager (Male) |
| 0:07 | Create | Villager (Male) |
| 1:29 | Create | Villager (Male) |
| 1:29 | Create | Villager (Male) |
| 1:50 | Build | Lumber Camp |
| 1:53 | Create | Villager (Male) |
| 2:17 | Create | Villager (Male) |
| 2:17 | Create | Villager (Male) |
| 2:48 | Create | Villager (Male) |
| 2:49 | Create | Villager (Male) |
| 3:09 | Create | Villager (Male) |
| 3:09 | Create | Villager (Male) |
| 3:38 | Create | Villager (Male) |
| 3:49 | Build | House |
| 3:54 | Create | Villager (Male) |
| 4:14 | Create | Villager (Male) |
| 4:20 | Build | Barracks |
| 4:30 | Create | Villager (Male) |
| 4:54 | Create | Villager (Male) |
| 4:59 | Build | House |
| 5:09 | Create | Militia |
| 5:12 | Create | Militia |
| 5:24 | Build | Palisade Gate |
| 5:30 | Create | Villager (Male) |
| 5:30 | Create | Villager (Male) |
| 5:41 | Create | Militia |
| 5:54 | Create | Villager (Male) |
| 6:03 | Build | Mill |
| 6:11 | Create | Villager (Male) |
| 6:40 | Build | House |
| 6:41 | Create | Militia |
| 6:47 | Create | Villager (Male) |
| 7:12 | Create | Villager (Male) |
| 7:22 | Create | Militia |
| 7:39 | Create | Villager (Male) |
| 7:52 | Create | Militia |
| 7:57 | Build | Mill |
| 7:58 | Create | Villager (Male) |
| 8:00 | Build | House |
| 8:11 | Create | Villager (Male) |
| 8:31 | Create | Villager (Male) |
| 8:34 | Build | Farm |
| 8:47 | Build | House |
| 8:48 | Build | Palisade Wall |
| 9:04 | Create | Villager (Male) |
| 9:18 | Create | Villager (Male) |
| 9:42 | Build | Mining Camp |
| 10:11 | Research | Feudal Age |
| 10:12 | Research | Feudal Age |
| 10:37 | Build | Lumber Camp |
| 10:40 | Build | Farm |
| 10:48 | Create | Militia |
| 10:48 | Create | Militia |
| 10:51 | Create | Militia |
| 11:04 | Build | Farm |
| 11:09 | Create | Villager (Male) |
| 11:18 | Create | Militia |
| 11:21 | Build | House |
| 11:38 | Build | Farm |
| 11:54 | Build | House |
| 11:55 | Build | House |
| 11:57 | Build | House |
| 12:03 | Build | Palisade Wall |
| 12:21 | Age | Feudal Age |
| 12:27 | Research | Arson |
| 12:28 | Research | Arson |
| 12:28 | Create | Villager (Male) |
| 12:46 | Build | Archery Range |
| 12:57 | Create | Villager (Male) |
| 13:02 | Build | Blacksmith |
| 13:19 | Create | Villager (Male) |
| 13:24 | Build | House |
| 13:25 | Build | House |
| 13:27 | Build | House |
| 13:29 | Build | Palisade Wall |
| 13:30 | Create | Skirmisher |
| 13:37 | Create | Villager (Male) |
| 13:43 | Research | Scale Mail Armor |
| 13:52 | Build | Farm |
| 13:53 | Research | Forging |
| 13:58 | Create | Skirmisher |
| 14:19 | Create | Villager (Male) |
| 14:21 | Create | Skirmisher |
| 14:45 | Create | Skirmisher |
| 14:46 | Build | Mining Camp |
| 14:48 | Build | Farm |
| 14:49 | Research | Double-Bit Axe |
| 15:00 | Create | Villager (Male) |
| 15:17 | Create | Villager (Male) |
Build order — Cyborg
76 actions detected in the replay
| 0:01 | Create | Villager (Male) |
| 0:02 | Build | House |
| 0:04 | Build | House |
| 0:14 | Create | Villager (Male) |
| 0:21 | Create | Villager (Male) |
| 0:28 | Create | Villager (Male) |
| 1:28 | Create | Villager (Male) |
| 1:46 | Build | Lumber Camp |
| 2:00 | Create | Villager (Male) |
| 2:17 | Create | Villager (Male) |
| 2:47 | Create | Villager (Male) |
| 3:02 | Create | Villager (Male) |
| 3:34 | Create | Villager (Male) |
| 3:58 | Build | House |
| 4:00 | Create | Villager (Male) |
| 4:21 | Create | Villager (Male) |
| 4:55 | Build | Barracks |
| 4:57 | Create | Villager (Male) |
| 4:59 | Create | Villager (Male) |
| 5:26 | Create | Villager (Male) |
| 5:41 | Build | House |
| 5:53 | Create | Militia |
| 5:53 | Create | Militia |
| 6:00 | Create | Villager (Male) |
| 6:15 | Create | Villager (Male) |
| 6:51 | Build | Mill |
| 6:52 | Create | Villager (Male) |
| 7:26 | Create | Militia |
| 7:27 | Create | Militia |
| 7:36 | Create | Villager (Male) |
| 7:46 | Research | Loom |
| 8:01 | Build | House |
| 8:10 | Create | Villager (Male) |
| 8:32 | Research | Feudal Age |
| 9:00 | Build | Mill |
| 9:02 | Build | Mining Camp |
| 9:12 | Build | Palisade Wall |
| 9:28 | Build | House |
| 9:37 | Create | Militia |
| 9:45 | Build | Farm |
| 9:53 | Build | House |
| 9:58 | Build | House |
| 10:04 | Create | Militia |
| 10:10 | Build | Palisade Wall |
| 10:12 | Build | Palisade Wall |
| 10:17 | Create | Villager (Male) |
| 10:20 | Build | Palisade Wall |
| 10:23 | Create | Militia |
| 10:45 | Age | Feudal Age |
| 10:48 | Create | Villager (Male) |
| 10:49 | Research | Man-at-Arms (upgrade) |
| 10:52 | Create | Villager (Male) |
| 10:55 | Build | Palisade Wall |
| 11:26 | Create | Villager (Male) |
| 11:31 | Create | Villager (Male) |
| 11:38 | Create | Villager (Male) |
| 11:49 | Create | Villager (Male) |
| 11:53 | Build | Palisade Wall |
| 11:59 | Build | Archery Range |
| 12:15 | Build | House |
| 12:20 | Create | Villager (Male) |
| 12:22 | Build | House |
| 12:27 | Build | Palisade Wall |
| 12:33 | Create | Archer |
| 12:41 | Build | Palisade Wall |
| 12:59 | Build | Palisade Wall |
| 13:02 | Create | Archer |
| 13:24 | Build | House |
| 13:25 | Create | Villager (Male) |
| 13:31 | Build | Palisade Wall |
| 13:40 | Create | Villager (Male) |
| 13:46 | Create | Archer |
| 13:51 | Create | Villager (Male) |
| 14:18 | Create | Villager (Male) |
| 14:19 | Create | Archer |
| 14:55 | Build | Farm |
Match timeline
| 4:20 | CNZS_CC · first_building Barracks |
| 4:55 | Cyborg · first_building Barracks |
| 8:48 | CNZS_CC · wall_segment Palisade Wall x1 |
| 9:12 | Cyborg · wall_segment Palisade Wall x1 |
| 10:10 | Cyborg · wall_segment Palisade Wall x1 |
| 10:12 | Cyborg · wall_segment Palisade Wall x1 |
| 10:20 | Cyborg · wall_segment Palisade Wall x12 |
| 10:45 | Cyborg · age_up feudal |
| 10:55 | Cyborg · wall_segment Palisade Wall x2 |
| 11:53 | Cyborg · wall_segment Palisade Wall x1 |
| 11:59 | Cyborg · first_building Archery Range |
| 12:03 | CNZS_CC · wall_segment Palisade Wall x1 |
| 12:21 | CNZS_CC · age_up feudal |
| 12:27 | Cyborg · wall_segment Palisade Wall x4 |
| 12:41 | Cyborg · wall_segment Palisade Wall x1 |
| 12:46 | CNZS_CC · first_building Archery Range |
| 12:59 | Cyborg · wall_segment Palisade Wall x1 |
| 13:29 | CNZS_CC · wall_segment Palisade Wall x1 |
| 13:31 | Cyborg · wall_segment Palisade Wall x1 |
| 15:19 | Cyborg · resign |
[ AI ANALYSIS · 1 CREDIT ]
What really happened in this match?
Wolo.gg analyzes every decision: build order, eco, micro, common mistakes by bracket. Personalized analysis on WhatsApp or Discord in 30 seconds.
Civ guide
Bulgarians
Perfil
Jugador #446371